Map: Nightshade LE

Players

NahDude

  • Race: Terran Terran
  • League: Silver
  • Spawn Location: 11:00

antagomiR - Winner!

  • Race: Protoss Protoss
  • League: Gold
  • Spawn Location: 5:00

VOD

Have the link to the VOD?

Description

Time

  • Played on: April 9, 2020, 12:02 a.m.
  • Length: 14:37
Show
View Real Time Build Order
Export as new Build Order

NahDude Terran 

Build Orders:  

Get SALT Encoding   

  12  0:01  SCV  
  13  0:14  SCV  
  14  0:20  Supply Depot  
  14  0:26  SCV  
  15  0:42  SCV  
  16  0:46  Barracks  
  16  0:54  SCV  
  17  1:05  Refinery  
  17  1:06  SCV  
  18  1:18  SCV  
  19  1:30  SCV  
  20  1:44  Barracks  
  20  1:45  Marine  
  21  1:47  Command Center  
  21  1:53  SCV  
  22  2:02  Marine  
  23  2:21  Supply Depot  
  23  2:25  Barracks Tech Lab  
  23  2:42  SCV  
  24  2:51  Supply Depot  
  24  2:52  Barracks Tech Lab  
  24  2:59  Factory  
  24  3:01  Orbital Command  
  24  3:02  Refinery  
  24  3:08  Orbital Command  
  24  3:13  Supply Depot  
  24  3:14  Marine x2  
  26  3:31  SCV  
  26  3:32  Marine x2  
  29  3:35  Supply Depot  
  29  3:36  SCV  
  30  3:43  SCV  
  30  3:45  Factory Tech Lab  
  30  3:48  SCV  
  32  3:50  Marine x2  
  34  3:57  Supply Depot  
  34  3:58  Starport  
  34  4:04  SCV  
  34  4:07  SCV  
  34  4:08  Marine x2  
  38  4:16  SCV  
  39  4:19  SCV  
  40  4:26  Marine  
  40  4:28  Marine, SCV  
  40  4:31  Combat Shield, Stimpack  
  43  4:38  Engineering Bay  
  43  4:39  SCV  
  43  4:40  SCV  
  43  4:43  Marine  
  46  4:46  Marine  
  46  4:51  SCV, Starport Reactor  
  46  4:52  SCV  
  49  4:53  Siege Tank  
  52  5:01  Marine  
  52  5:04  Marine  
  54  5:07  Supply Depot  
  54  5:10  Missile Turret  
  54  5:18  SCV x2  
  54  5:19  Marine  
  57  5:21  Marine  
  57  5:22  Refinery  
  57  5:26  Refinery  
  58  5:30  SCV x2, Supply Depot  
  58  5:31  Siege Tank  
  63  5:37  Marine  
  63  5:39  Marine, Missile Turret  
  63  5:42  SCV x2  
  67  5:47  Terran Infantry Weapons Level 1  
  67  5:55  Marine  
  68  5:57  Marine  
  68  6:03  Missile Turret, Siege Tank  
  72  6:09  SCV x2  
  74  6:12  Marine  
  74  6:15  Marine  
  74  6:17  Supply Depot  
  76  6:21  Medivac x2  
  80  6:30  Marine  
  80  6:31  SCV  
  82  6:33  Marine  
  82  6:35  Siege Tank  
  86  6:40  Supply Depot  
  86  6:43  SCV  
  86  6:45  Concussive Shells  
  87  6:48  Marine  
  87  6:50  Marine  
  87  6:51  Medivac x2  
  93  6:55  SCV  
  94  7:02  Supply Depot  
  94  7:06  Marine  
  95  7:08  Marine  
  95  7:11  Barracks  
  95  7:14  Siege Tank  
  99  7:24  Marine  
  99  7:26  Marine  
  101  7:32  Viking x2  
  105  7:41  Marine  
  106  7:44  Marine  
  106  7:46  Siege Tank  
  110  7:59  Marine, Barracks  
  110  8:02  Marine, Viking x2  
  110  8:17  Marine  
  110  8:19  Marine  
  103  8:23  Barracks Tech Lab  
  100  8:32  Viking x2  
  104  8:35  Marine  
  104  8:37  Marine  
  106  8:51  Barracks  
  106  8:53  Marine  
  106  8:55  Marine  
  107  9:01  Viking  
  107  9:02  Viking  
  112  9:11  Marine  
  112  9:13  Marine  
  114  9:19  Barracks Tech Lab  
  114  9:27  Marauder  
  114  9:28  Marine  
  114  9:31  Marine  
  118  9:43  Supply Depot  
  118  10:04  Marine x2, Viking x2  
  118  10:05  Supply Depot, Marauder  
  99  10:22  Marauder x2  
  99  10:26  Marauder  
  94  10:29  Supply Depot  
  94  10:31  Barracks Tech Lab  
  94  10:33  Marauder  
  94  10:34  Viking  
  98  10:37  Viking  
  100  10:44  Marauder x2  
  100  10:47  Marauder  
  106  10:51  Supply Depot  
  106  10:54  Marauder  
  108  11:04  Viking  
  108  11:05  Marauder x2  
  108  11:07  Viking  
  108  11:09  Marauder  
  108  11:10  Command Center  
  118  11:13  Starport  
  118  11:15  Supply Depot  
  118  11:16  Marauder  
  120  11:18  Siege Tank  
  123  11:26  Marauder  
  123  11:27  Marauder x2  
  123  11:30  Marauder  
  131  11:34  Viking  
  131  11:37  Viking, Marauder  
  137  11:40  SCV x2  
  139  11:47  Marauder  
  139  11:48  Marauder x2  
  139  11:50  Siege Tank  
  139  11:51  Starport, Marauder  
  139  11:52  SCV  
  139  11:53  SCV  
  152  11:57  Refinery  
  152  11:58  Marauder  
  154  12:04  Viking  
  154  12:07  Viking  
  158  12:15  Supply Depot  
  158  12:21  Marine x2, Marauder x3  
  166  12:23  Armory, Siege Tank  
  166  12:26  Terran Infantry Armor Level 1  
  169  12:31  Starport Reactor  
  169  12:33  Starport Reactor  
  169  12:37  Supply Depot  
  169  12:39  Marine, Planetary Fortress  
  169  12:42  Marine x2  
  169  12:43  SCV x2  
  174  12:55  SCV x2, Siege Tank  
  179  12:59  Supply Depot  
  179  13:07  SCV x2  
  179  13:12  Armory  
  181  13:19  SCV  
  80  13:53  Viking x2  
  80  13:54  Viking x4  
  96  14:02  Marauder  
  96  14:03  Marauder x2  
  96  14:04  Marine x2  
Show
View Real Time Build Order
Export as new Build Order

antagomiR Protoss - Winner!

Build Orders: Archon Immortal 

Get SALT Encoding   

  12  0:01  Probe  
  13  0:13  Probe  
  14  0:18  Pylon  
  14  0:25  Probe  
  15  0:40  Gateway  
  15  0:41  Probe  
  16  0:53  Probe  
  17  1:00  Assimilator  
  17  1:05  Probe  
  18  1:18  Probe  
  19  1:20  Assimilator  
  19  1:27  Cybernetics Core  
  19  1:30  Probe  
  20  1:45  Probe  
  21  1:53  Pylon  
  21  1:57  Probe  
  21  1:58  Warp Gate (Chrono Boost)  
  22  2:11  Nexus  
  22  2:14  Probe  
  25  2:18  Stalker  
  25  2:26  Probe  
  26  2:38  Probe  
  27  2:46  Robotics Facility  
  27  2:50  Probe  
  28  2:58  Pylon  
  28  3:01  Sentry  
  28  3:02  Probe  
  31  3:16  Probe  
  32  3:20  Gateway  
  32  3:21  Gateway  
  32  3:28  Probe  
  33  3:35  Probe  
  33  3:40  Probe  
  35  3:42  Shield Battery  
  35  3:45  Sentry  
  35  3:47  Probe  
  38  3:52  Probe  
  38  3:54  Observer  
  40  3:59  Probe  
  41  4:04  Probe  
  41  4:09  Twilight Council  
  42  4:11  Pylon, Zealot  
  42  4:14  Stalker  
  42  4:15  Observer  
  47  4:18  Probe x2  
  49  4:30  Probe  
  49  4:35  Probe, Pylon  
  49  4:37  Assimilator  
  50  4:42  Probe, Immortal (Chrono Boost), Assimilator  
  55  4:55  Probe x2  
  57  5:04  Pylon  
  57  5:07  Probe, Templar Archives  
  57  5:09  Probe  
  57  5:12  Stalker  
  61  5:16  Immortal  
  61  5:19  Probe  
  66  5:23  Probe  
  67  5:32  Probe  
  69  5:35  Probe  
  69  5:38  Pylon, Shield Battery  
  69  5:43  Pylon  
  69  5:44  Probe  
  69  5:47  Probe  
  71  5:54  Zealot  
  71  5:55  Immortal  
  77  5:58  Phoenix  
  77  6:00  Zealot x2  
  81  6:05  Charge (Chrono Boost)  
  81  6:15  Forge  
  81  6:28  Nexus  
  81  6:29  High Templar x2  
  85  6:39  Gateway  
  85  6:40  Gateway  
  85  6:45  Gateway  
  85  6:46  Gateway  
  85  6:49  Gateway  
  85  6:51  Gateway  
  85  7:00  Archon  
  85  7:09  High Templar x3  
  85  7:10  Protoss Ground Weapons Level 1 (Chrono Boost)  
  85  7:13  Probe x2  
  93  7:20  Pylon  
  93  7:22  Pylon  
  93  7:25  Probe  
  93  7:28  Archon  
  94  7:35  Photon Cannon  
  94  7:38  Probe x2, Immortal  
  94  7:40  Probe  
  94  7:43  Shield Battery  
  101  7:46  Shield Battery  
  101  7:50  Probe x2  
  103  7:53  Probe  
  104  8:01  Stalker x2  
  104  8:02  Probe  
  97  8:20  High Templar, Photon Cannon  
  97  8:21  High Templar x2  
  97  8:24  Photon Cannon, Zealot x4  
  97  8:25  Zealot  
  97  8:26  Archon  
  113  8:27  Archon  
  113  8:39  Immortal  
  117  8:48  Zealot x2  
  117  8:50  High Templar  
  123  9:00  Assimilator  
  123  9:01  Assimilator  
  123  9:02  Photon Cannon  
  123  9:09  Pylon  
  123  9:12  Pylon  
  123  9:14  Probe x2  
  125  9:20  Photon Cannon  
  125  9:25  Photon Cannon  
  125  9:27  Probe x3, Immortal  
  132  9:32  High Templar x2, Zealot  
  132  9:33  High Templar  
  132  9:36  Archon  
  132  9:37  Archon  
  140  10:03  Protoss Ground Weapons Level 2 (Chrono Boost)  
  140  10:10  Pylon  
  140  10:11  Pylon  
  140  10:13  Pylon  
  138  10:14  Pylon  
  138  10:15  Immortal  
  138  10:16  Pylon  
  128  10:34  High Templar x3  
  128  10:35  High Templar x2  
  138  10:38  High Templar  
  140  10:49  Archon x2  
  140  10:52  High Templar  
  140  10:53  Archon  
  140  10:56  Sentry  
  144  11:16  Probe x3  
  147  11:21  Nexus  
  147  11:28  Probe x2  
  149  11:36  Pylon  
  149  11:38  Pylon  
  149  11:39  High Templar  
  151  11:40  High Templar x3  
  151  11:41  High Templar  
  151  11:42  Zealot x2  
  151  11:43  Zealot x2  
  151  11:45  Archon x2  
  167  11:47  Archon  
  167  11:59  Shield Battery x2  
  167  12:02  Photon Cannon  
  167  12:04  Photon Cannon  
  167  12:08  Photon Cannon  
  167  12:09  Assimilator  
  167  12:11  Assimilator  
  167  12:16  Pylon  
  167  12:23  Stargate  
  167  12:26  High Templar x2  
  167  12:28  Stargate  
  167  12:29  Observer  
  172  12:32  Archon  
  172  12:33  Zealot x5  
  172  12:34  Zealot x2  
  186  12:49  Warp Prism  
  188  13:05  High Templar x4  
  194  13:07  Probe x3  
  171  14:04  High Templar x3  
  171  14:05  High Templar x3  
  171  14:06  High Templar x2  
  171  14:08  Archon  
  171  14:09  Archon x2  
  187  14:10  Archon  
Tags
 
Composition
Archon Immortal
Matchup
PvT
Replay Pack
20200422
Spawn Locations
Cross Positions
Add a new tag
Caveats
  • Supply blocks, unpowered buildings, or Contaminate may cause inaccurate times.
  • Supply counts are checked every 10 seconds.